 Dungeon Crawl Stone Soup version 0.31.0-11-ge490571c62 (webtiles) character file.

Game seed: 18135224830948293731

93 qw the Shooter (level 4, -1/22 HPs)
             Began as a Spriggan Hunter on Feb 4, 2024.
             Slain by a water moccasin (7 damage)
             ... on level 3 of the Dungeon.
             The game lasted 00:00:05 (1903 turns).

qw the Shooter (Spriggan Hunter)                    Turns: 1903, Time: 00:00:06

Health: -1/22      AC:  2    Str:  7    XL:     4   Next: 36%
Magic:  5/5        EV: 20    Int: 10    God:
Gold:   65         SH:  0    Dex: 20    Spells: 3/3 levels left

rFire   . . .        a - +0 shortbow
rCold   . . .        (shield currently unavailable)
rNeg    . . .        c - +0 robe
rPois   .            (helmet restricted)
rElec   .            (no cloak)
rCorr   .            (gloves unavailable)
SInv    +            (boots unavailable)
Will    .....        (no amulet)
Stlth   ++           (no ring)
HPRegen 0.23/turn    (no ring)
MPRegen 0.09/turn

%: no passive effects
@: lethally poisoned (-1 -> -1), very quick
A: very small, no large weapons, unfitting armour, see invisible, speed 3
a: no special abilities


You were on level 3 of the Dungeon.
You visited 1 branch of the dungeon, and saw 3 of its levels.

You collected 65 gold pieces.


Innate Abilities, Weirdness & Mutations

You are very small and have problems with some larger weapons.
You are too small for most types of armour.
You have supernaturally acute eyesight. (SInv)
You cover ground extremely quickly. (Speed+++)


   Skills:
 - Level 1.5 Fighting
 - Level 5.0 Ranged Weapons
 + Level 4.8 Dodging
 - Level 1.5 Stealth


You had 3 spell levels left.
You didn't know any spells.
Your spell library was empty.

Inventory:

Hand Weapons
 a - a +0 shortbow (weapon)
Armour
 c - a +0 robe (worn)
Scrolls
 d - a scroll of teleportation
Potions
 e - a potion of enlightenment {unknown}
 f - a potion of might {unknown}
 g - 2 potions of curing
 h - a potion of mutation {unknown}
 i - a potion of attraction {unknown}
 k - a potion of ambrosia {unknown}

Dungeon Overview and Level Annotations

Branches:
Dungeon (3/15)

Altars:


Message History

The water moccasin misses you.
You shoot an arrow.
The arrow closely misses the water moccasin.
The arrow barely misses the jackal.
The water moccasin bites you but does no damage.
You shoot an arrow.
The arrow closely misses the water moccasin.
The arrow hits the jackal.
The jackal is heavily wounded.
The water moccasin barely misses you. The water moccasin bites you.
You are poisoned.
The water moccasin poisons you!
You shoot an arrow.
The arrow barely misses the water moccasin.
You feel very sick. The water moccasin barely misses you.
The jackal misses you. The water moccasin closely misses you.
You shoot an arrow. The arrow closely misses the jackal.
You feel very sick. The jackal barely misses you.
The water moccasin closely misses you. The jackal closely misses you.
You shoot an arrow. The arrow hits the jackal.
The jackal is almost dead.
You feel sick. The water moccasin barely misses you.
The jackal closely misses you. The water moccasin bites you.
You shoot an arrow. The arrow hits the jackal.
You kill the jackal!
You feel sick. The water moccasin misses you.
The water moccasin closely misses you.
You shoot an arrow. The arrow hits the water moccasin!
The water moccasin is heavily wounded.
You feel sick. The water moccasin closely misses you.
You shoot an arrow. The arrow hits the water moccasin.
The water moccasin is severely wounded.
You feel sick. The water moccasin misses you.
The water moccasin barely misses you.
You shoot an arrow.
The arrow closely misses the water moccasin.
You feel sick. The water moccasin bites you!
You die...

##|#####
#.....#
#.....#
#.....#
####....(#
#........#
#....>...#
#........#
#@.(...###
#...S......#
#..........#
#...####.).%#
#... ##...#
.$.. ...# ...
.!.# ##. ..#


You could see a water moccasin.

Vanquished Creatures
  3 adders
  2 dart slugs
  An orc (D:3)
  11 endoplasms
  A giant cockroach (D:2)
  4 goblins
  2 hobgoblins
  6 jackals
  2 quokkas
  5 ball pythons
  6 bats
  4 frilled lizards
  4 kobolds
  3 rats (D:1)
54 creatures vanquished.

Notes
Turn   | Place    | Note
-------+----------+-------------------------------------------
     0 | D:1      | qw the Spriggan Hunter began the quest for the Orb.
     0 | D:1      | Reached XP level 1. HP: 10/10 MP: 2/2
     0 | D:1      | 0 ||| qw: Version: 0.3-a-160-g6735b56
     0 | D:1      | 0 ||| qw: Game counter: 5106
     0 | D:1      | 0 ||| qw: Melee chars always use a shield: true
     0 | D:1      | 0 ||| qw: God list: Okawaru
     0 | D:1      | 0 ||| qw: Allow faded altars: false
     0 | D:1      | 0 ||| qw: Do Orc after clearing Dungeon:15 true
     0 | D:1      | 0 ||| qw: Do second Lair branch before Depths: true
     0 | D:1      | 0 ||| qw: Lair rune preference: random
     0 | D:1      | 0 ||| qw: Goals: Normal
     0 | D:1      | 0 ||| PLANNING D:1-11
    32 | D:1      | Reached skill level 3 in Dodging
    41 | D:1      | Reached XP level 2. HP: 13/14 MP: 3/3
   379 | D:1      | Reached XP level 3. HP: 18/18 MP: 4/4
   830 | D:1      | 830 ||| READING 2 scrolls labelled SASMIL OMEST.
   833 | D:1      | 833 ||| READING scroll labelled BUCLOCECWI.
   834 | D:1      | 834 ||| READING scroll labelled DASKUU ZIMEE.
   834 | D:1      | 834 ||| IDENTIFYING black potion
   835 | D:1      | 835 ||| READING scroll labelled ISUEZUFAAS.
   836 | D:1      | 836 ||| READING scroll labelled XOUSAL KUKLURCH.
   837 | D:1      | 837 ||| DROPPING scroll of butterflies.
  1166 | D:2      | Reached skill level 5 in Ranged Weapons
  1588 | D:2      | Reached XP level 4. HP: 19/22 MP: 5/5
  1681 | D:2      | 1681 ||| READING 2 scrolls labelled ECVUCZ ZASOH.
  1782 | D:2      | 1782 ||| READING scroll labelled ULIPHA SYFAETA.
  1783 | D:2      | 1783 ||| DROPPING scroll of vulnerability.
  1890 | D:3      | Noticed a water moccasin
  1903 | D:3      | Slain by a water moccasin

Levels and vault maps discovered:
D:1:      saegor_arrival_simple_c, layout_loops_cross, serial_bayou_lagoon_a
D:2:      layout_loops_corners, minmay_crystal_room
D:3:      layout_basic, hangedman_decor_growths, uniq_ijyb

Skill      XL: |  1  2  3 |
---------------+----------+-----
Dodging        | 3 4 |  4.8
Ranged Weapons | 5 |  5.0
Fighting       | |  1.5
Stealth        | |  1.5

Action                     |  1- 3 |  4- 6 || total
---------------------------+-------+-------++-------
   Fire: Shortbow          |   117 |    35 ||   152
    Use: Scroll            |     5 |     2 ||     7
 Armour: Robe              |    19 |    11 ||    30
  Dodge: Dodged            |    34 |    33 ||    67

Table legend:
 A = Non-vault XP
 B = Vault XP
 C = Vault XP percentage of total XP
 D = Non-vault monster count
 E = Vault monster count
 F = Vault count percentage of total count
                 A         B        C        D         E       F
            +---------+---------+-------+---------+---------+-------
      Total |     133 |       0 |   0.0 |      54 |       0 |   0.0
            +---------+---------+-------+---------+---------+-------
        D:1 |      52 |       0 |   0.0 |      29 |       0 |   0.0
        D:2 |      56 |       0 |   0.0 |      18 |       0 |   0.0
        D:3 |      25 |       0 |   0.0 |       7 |       0 |   0.0
            +---------+---------+-------+---------+---------+-------
